Map: Ever Dream LE

Players

AfreecaDRG (DRG)

  • Race: Zerg Zerg
  • Spawn Location: 7:00

Zest - Winner!

  • Race: Protoss Protoss
  • League: Master
  • Spawn Location: 1:00

Event: Shopify TSL 5

VOD

Have the link to the VOD?

Description

Time

  • Played on: May 24, 2020, 10:06 a.m.
  • Length: 10:31

All games in this series

Show
View Real Time Build Order
Export as new Build Order

AfreecaDRG Zerg 

Build Orders: Hatch First 

Get SALT Encoding   

  12  0:00  Drone  
  13  0:12  Overlord  
  13  0:16  Drone  
  14  0:30  Drone x2  
  16  0:49  Hatchery  
  15  0:51  Drone  
  15  0:55  Drone  
  17  0:57  Drone  
  18  1:08  Extractor  
  17  1:15  Spawning Pool  
  17  1:16  Drone  
  17  1:20  Drone  
  18  1:27  Drone  
  19  1:38  Overlord  
  19  2:01  Queen  
  19  2:02  Zergling x4  
  19  2:03  Queen  
  19  2:04  Drone  
  26  2:10  Drone  
  26  2:12  Metabolic Boost  
  26  2:13  Drone  
  28  2:23  Drone x2  
  30  2:37  Hatchery  
  29  2:41  Drone x2  
  31  2:45  Drone  
  31  2:49  Overlord  
  32  2:54  Drone x2  
  34  3:05  Drone  
  34  3:09  Drone  
  34  3:11  Drone  
  34  3:12  Drone x2  
  37  3:14  Drone x3  
  37  3:18  Queen  
  42  3:23  Overlord  
  42  3:26  Drone  
  43  3:32  Overlord  
  43  3:36  Roach Warren  
  43  3:37  Drone  
  43  3:43  Zergling x6  
  43  3:47  Zergling x4  
  48  3:49  Zergling x2  
  48  3:53  Zergling x6  
  52  3:58  Queen  
  52  4:00  Zergling x2  
  55  4:03  Zergling x2  
  55  4:04  Zergling x2  
  55  4:05  Zergling x2  
  55  4:07  Overlord  
  58  4:12  Spore Crawler  
  58  4:13  Spore Crawler  
  58  4:15  Spore Crawler  
  55  4:19  Roach  
  55  4:23  Roach x2  
  58  4:28  Roach x2  
  62  4:32  Roach  
  62  4:38  Zergling x8  
  67  4:43  Roach  
  67  4:44  Roach  
  61  4:51  Drone x2  
  60  4:55  Drone x2  
  62  5:00  Drone x2  
  62  5:01  Drone  
  65  5:08  Drone x2  
  65  5:12  Lair  
  67  5:14  Drone  
  67  5:15  Drone  
  67  5:17  Drone  
  70  5:22  Drone x2  
  70  5:25  Drone  
  70  5:26  Overlord  
  73  5:32  Overlord  
  73  5:33  Extractor x2  
  73  5:35  Overlord  
  71  5:38  Drone x2  
  73  5:45  Queen  
  71  5:50  Drone  
  71  5:51  Drone x4  
  71  5:53  Drone x2  
  71  5:55  Drone x2  
  71  5:56  Drone  
  81  5:58  Drone  
  81  6:00  Drone  
  81  6:04  Drone x2  
  85  6:06  Drone x2  
  85  6:07  Drone  
  88  6:12  Overlord  
  88  6:13  Overseer  
  88  6:15  Glial Reconstitution  
  88  6:17  Extractor  
  88  6:18  Drone x2  
  89  6:22  Extractor  
  89  6:24  Extractor  
  89  6:25  Spire  
  86  6:28  Drone  
  86  6:31  Drone  
  86  6:32  Overlord  
  88  6:33  Overseer  
  88  6:35  Drone x4  
  88  6:36  Drone  
  93  6:41  Drone x3  
  93  6:42  Evolution Chamber  
  93  6:43  Overlord  
  95  6:49  Overlord  
  95  6:52  Overlord  
  95  6:53  Roach x2  
  98  6:58  Overseer  
  98  7:06  Roach x3  
  104  7:10  Zerg Missile Weapons Level 1  
  104  7:12  Overlord  
  104  7:17  Overlord  
  104  7:19  Drone  
  105  7:27  Hatchery  
  103  7:33  Overlord  
  102  7:39  Roach x9  
  102  7:40  Ravager x6  
  102  7:43  Roach x2  
  129  7:47  Roach x3  
  135  7:51  Roach x3  
  135  7:57  Roach  
  135  7:58  Roach  
  145  8:01  Ravager  
  145  8:02  Roach  
  145  8:05  Roach  
  150  8:10  Overlord x3  
  150  8:11  Overlord  
  150  8:15  Drone x3  
  150  8:16  Hatchery  
  150  8:17  Overlord  
  152  8:22  Overlord  
  152  8:31  Mutalisk x4  
  152  8:32  Mutalisk  
  158  8:42  Mutalisk  
  158  8:46  Roach x3  
  166  8:50  Roach x3  
  172  9:02  Drone x8  
  180  9:05  Baneling Nest  
  179  9:10  Drone x6  
  172  9:45  Zergling x2  
  172  9:46  Zergling x26  
  172  9:52  Extractor x2  
  184  9:54  Roach x4  
  184  9:55  Ravager x6  
  198  10:00  Overlord x2, Overseer  
  198  10:06  Overlord x3  
  198  10:11  Overlord x2  
  198  10:12  Hatchery  
Show
View Real Time Build Order
Export as new Build Order

Zest Protoss - Winner!

Build Orders: 1 Gate Expand, Archon Immortal, Archon Drop, Dark Templar Rush 

Get SALT Encoding   

  12  0:00  Probe  
  13  0:13  Probe  
  14  0:18  Pylon  
  14  0:25  Probe  
  15  0:37  Probe (Chrono Boost)  
  15  0:40  Gateway  
  16  0:47  Probe (Chrono Boost)  
  16  0:49  Assimilator  
  17  0:52  Probe (Chrono Boost)  
  18  1:03  Probe  
  19  1:15  Probe  
  20  1:25  Nexus  
  20  1:34  Cybernetics Core  
  20  1:39  Probe  
  21  1:43  Assimilator  
  21  1:51  Probe  
  21  1:53  Pylon  
  22  2:03  Probe (Chrono Boost)  
  22  2:08  Adept (Chrono Boost)  
  23  2:11  Warp Gate  
  23  2:12  Probe (Chrono Boost)  
  26  2:17  Probe (Chrono Boost)  
  26  2:22  Twilight Council  
  27  2:29  Probe  
  28  2:31  Stalker (Chrono Boost)  
  30  2:37  Probe  
  30  2:41  Probe  
  32  2:48  Robotics Facility  
  32  2:50  Probe  
  33  2:54  Probe  
  34  3:02  Probe  
  35  3:06  Probe  
  35  3:08  Gateway  
  36  3:14  Dark Shrine  
  36  3:16  Probe  
  36  3:18  Probe  
  38  3:21  Adept  
  40  3:28  Gateway  
  42  3:34  Warp Prism (Chrono Boost)  
  42  3:42  Pylon  
  42  3:43  Probe  
  42  3:45  Probe  
  44  3:51  Pylon  
  44  3:53  Assimilator  
  44  3:55  Probe  
  45  3:57  Probe  
  46  4:03  Adept x2  
  46  4:08  Pylon  
  46  4:09  Probe x2  
  52  4:14  Assimilator  
  52  4:21  Probe  
  52  4:23  Probe  
  46  4:31  Dark Templar x2  
  46  4:33  Gateway  
  46  4:34  Dark Templar  
  52  4:46  Probe x2  
  52  4:58  Archon, Probe  
  52  4:59  Probe  
  54  5:02  Dark Templar x2  
  54  5:05  Pylon  
  58  5:10  Gateway x2  
  58  5:11  Archon  
  58  5:12  Observer  
  59  5:17  Forge, Gateway  
  59  5:22  Probe x2  
  61  5:32  Dark Templar x2  
  61  5:34  Probe x2  
  67  5:40  Pylon  
  67  5:42  Charge  
  67  5:46  Probe x2  
  68  5:54  Immortal  
  72  5:58  Probe x2  
  74  6:06  Nexus  
  74  6:08  Pylon  
  74  6:12  Protoss Ground Weapons Level 1 (Chrono Boost)  
  74  6:16  Sentry  
  76  6:21  Probe x2  
  77  6:33  Immortal, Probe x2  
  77  6:37  Sentry  
  77  6:38  Sentry, Zealot x2  
  91  6:45  Probe x2, Gateway x2  
  91  6:46  Pylon  
  93  6:53  Archon  
  91  6:57  Probe  
  91  6:59  Pylon  
  93  7:01  Probe  
  93  7:02  Pylon  
  93  7:09  Probe  
  93  7:11  Photon Cannon  
  93  7:12  Immortal (Chrono Boost), Dark Templar  
  100  7:19  Archon  
  100  7:25  Zealot x3  
  100  7:26  Zealot  
  108  7:34  Gateway  
  108  7:35  Photon Cannon, Pylon  
  108  7:41  Pylon  
  108  7:48  Dark Templar x4  
  116  7:52  Zealot  
  116  7:53  Archon x2  
  116  7:54  Protoss Ground Weapons Level 2 (Chrono Boost), Zealot  
  118  8:04  Probe x3  
  121  8:10  Immortal (Chrono Boost)  
  121  8:14  Blink (Chrono Boost)  
  125  8:22  Pylon  
  125  8:23  Pylon  
  125  8:25  Pylon  
  125  8:38  Assimilator  
  125  8:40  Zealot x2  
  125  8:41  Zealot x6  
  141  8:42  Assimilator  
  141  8:45  Observer  
  142  9:04  Pylon  
  142  9:06  Pylon  
  142  9:08  Photon Cannon  
  142  9:12  Stalker  
  142  9:13  Stalker x7  
  156  9:33  Warp Prism  
  156  9:38  Stalker x6  
  170  10:03  Stalker x4  
  170  10:04  Stalker x4  
Tags
 
Add a new tag
Caveats
  • Supply blocks, unpowered buildings, or Contaminate may cause inaccurate times.
  • Supply counts are checked every 10 seconds.